 Dungeon Crawl Stone Soup version 0.31-a0-1025-g2e47921a08 (webtiles) character file.

Game seed: 11345865177459883910

72 kae the Vexing (level 4, -2/32 HPs)
             Began as a Demonspawn Enchanter on Nov 17, 2023.
             Slain by Terence
             ... wielding a +0 mace
              (4 damage)
             ... on level 2 of the Dungeon.
             The game lasted 00:01:41 (1949 turns).

kae the Vexing (Demonspawn Enchanter)               Turns: 1949, Time: 00:01:42

Health: -2/32      AC:  3    Str: 11    XL:     4   Next: 6%
Magic:  7/7        EV:  6    Int: 16    God:
Gold:   82         SH: 12    Dex: 13    Spells: 5/7 levels left

rFire   . . .        a - +1 dagger
rCold   . . .        f - +1 tower shield of the Lizard {Will+}
rNeg    . . .        b - +1 robe
rPois   .            (helmet restricted)
rElec   .            h - scarf {+Inv}
rCorr   .            (no gloves)
SInv    .            (no boots)
Will    +....        j - amulet of magic regeneration
Stlth   ++           (no ring)
HPRegen 0.25/turn    (no ring)
MPRegen 0.50/turn

%: no passive effects
@: no status effects
A: horns 1, powered by death 1
a: Evoke Invisibility


You were on level 2 of the Dungeon.
You visited 1 branch of the dungeon, and saw 2 of its levels.

You collected 100 gold pieces.
You spent 18 gold pieces at shops.


Innate Abilities, Weirdness & Mutations

You have a pair of small horns on your head.
You regenerate a little health from kills.


   Skills:
 + Level 1.1 Fighting
 * Level 2.0 Short Blades
 + Level 2.2 Dodging
 + Level 3.0 Stealth
 + Level 2.3 Spellcasting
 + Level 3.3 Hexes
 + Level 0.2 Evocations


You had 5 spell levels left.
You knew the following spells:

 Your Spells              Type           Power      Damage    Failure   Level
a - Ensorcelled Hibernat  Hex/Ice        14%        N/A       99%         2

Your spell library contained the following spells:

 Spells                   Type           Power      Damage    Failure   Level
 Confusing Touch          Hex            12%        N/A       99%         3
 Tukima's Dance           Hex            12%        N/A       99%         3
 Freeze                   Ice            4%         1d3       100%        1
 Dazzling Flash           Conj/Hex       14%        N/A       100%        3
 Frozen Ramparts          Ice            2%         1d1       100%        3
 Hailstorm                Conj/Ice       1%         3d3       100%        3

Inventory:

Hand Weapons
 a - a +1 dagger (weapon)
Missiles
 d - 18 stones
 e - 6 boomerangs
 m - 6 poisoned darts
Armour
 b - a +1 robe (worn)
 f - the +1 tower shield of the Lizard (worn) {Will+}
   (You found it on level 2 of the Dungeon)

   Will+:     It increases your willpower.
 h - a scarf of invisibility (worn)
   (You found it on level 1 of the Dungeon)
Jewellery
 j - an amulet of magic regeneration (around neck)
   (You found it on level 1 of the Dungeon)
 T - an amulet of faith {!P}
   (You found it on level 1 of the Dungeon)
Scrolls
 i - a scroll of noise {!r}
Potions
 c - 2 potions of invisibility
 g - 2 potions of curing {@q1}
 k - a potion of brilliance
 l - a potion of mutation {!q}
 n - a potion of haste {@q3}
 o - a potion of lignification {unknown}

Dungeon Overview and Level Annotations

Branches:
Dungeon (2/15) Zot: 10047

Altars:

Shops:
D:1 *

Annotations:
D:2 Terence

## #.......# # #.......#
# ####.#### ## #.# ##
.## #.# .. ..## ###.#
.##. ...## ##.#.# .....
....####....######......
....'†..........@@......
....####....######......
...## ##.#.# ..... ..##
###.# #.#. .## #.# .. ##
#.# # # #.# # #.# ######
#.#


You could see Terence.


Message History

You kill the rat!
You see here a rat corpse.
A goblin comes into view. It is wielding a +0 dagger.
The goblin shouts!
A goblin is nearby!
A goblin is nearby!
The goblin misses you.
You see here 13 gold pieces.
You closely miss the goblin. You headbutt the goblin.
You kill the goblin!
You now have 82 gold pieces (gained 13).
Key pressed, stopping explore.
No target in view!
No target in view!
There is an open door here.
There is a stone staircase leading up here.
You open the door.
There is an open door here.
A frilled lizard comes into view.
The frilled lizard hisses angrily.
Terence the Incautious comes into view.
He is wielding a +0 mace.
You start putting on your armour.
You continue putting on the +1 tower shield of the Lizard {Will+}. x2
The frilled lizard bites you.
You continue putting on the +1 tower shield of the Lizard {Will+}.
The frilled lizard bites you but does no damage.
You continue putting on the +1 tower shield of the Lizard {Will+}.
The frilled lizard barely misses you.
You finish putting on the +1 tower shield of the Lizard {Will+}. 😕 HP[-1]
You take 1 damage, and now have 31/32 hp.
You hit the frilled lizard.
You kill the frilled lizard!
You block Terence's attack. 😎 HP[+1]
Your hp is fully restored (32).
You hit Terence but do no damage. You block Terence's attack.
Casting: Ensorcelled Hibernation (astonishingly dangerous; 99% risk of failure)
Confirm with . or Enter, or press ? or * to list all spells.
Okay, then.
You hit Terence. Your headbutt misses Terence. You block Terence's attack. x2
You closely miss Terence. You block Terence's attack.
Unknown command.
You hit Terence. You block Terence's attack.
Terence hits you with a +0 mace. 😕 HP[-6]
You take 6 damage, and now have 26/32 hp.
You hit Terence but do no damage. You block Terence's attack. 😕 HP[+1]
Casting: Ensorcelled Hibernation (astonishingly dangerous; 99% risk of failure)
Confirm with . or Enter, or press ? or * to list all spells.
Okay, then.
Unknown command.
Casting: Ensorcelled Hibernation (astonishingly dangerous; 99% risk of failure)
Confirm with . or Enter, or press ? or * to list all spells.
Okay, then.
You barely miss Terence. Terence barely misses you.
You barely miss Terence. You block Terence's attack. x2
Unknown command.
You hit Terence but do no damage. You headbutt Terence, but do no damage.
Terence hits you with a +0 mace. 😕 HP[-2]
You take 2 damage, and now have 25/32 hp.
You hit Terence but do no damage. You block Terence's attack. x2
Unknown command.
You hit Terence but do no damage. You block Terence's attack.
Unknown command.
You hit Terence. You block Terence's attack.
Terence hits you with a +0 mace! 😮 HP[-7]
You take 7 damage, and now have 18/32 hp.
MASSIVE DAMAGE!! (PAUSE)
You hit Terence. You block Terence's attack.
Unknown command.
You barely miss Terence. You block Terence's attack. x2
You hit Terence but do no damage. Terence hits you with a +0 mace.
* * * LOW HITPOINT WARNING * * *
😨 HP[-5]
You take 5 damage, and now have 13/32 hp.
You closely miss Terence. Terence hits you with a +0 mace!
* * * LOW HITPOINT WARNING * * *
You block Terence's attack.
Unknown command. 😱 HP[-7]
You take 7 damage, and now have 6/32 hp.
MASSIVE DAMAGE!! (PAUSE)
You barely miss Terence. You headbutt Terence, but do no damage.
Terence hits you with a +0 mace.
* * * LOW HITPOINT WARNING * * *
😱 HP[-5]
You take 5 damage, and now have 1/32 hp.
Unknown command.
You closely miss Terence. Terence barely misses you.
You closely miss Terence. You block Terence's attack. x2
Unknown command.
You hit Terence but do no damage. You headbutt Terence, but do no damage.
Terence barely misses you. 😱 HP[+1] Unknown command.
You barely miss Terence. Terence hits you with a +0 mace.
You die...
Terence says, "Time to find some more victims."

Skill      XL: |  1  2  3  4 |
---------------+-------------+-----
Short Blades   | 1 2 |  2.0
Dodging        | 2 |  2.2
Fighting       | 1 |  1.1
Stealth        | 3 |  3.0
Spellcasting   | |  2.3
Hexes          | |  3.3
Evocations     | |  0.2

Action                     |  1- 3 |  4- 6 || total
---------------------------+-------+-------++-------
  Melee: Dagger            |   105 |    24 ||   129
         Headbutt          |    14 |     4 ||    18
   Cast: Ensorcelled Hiber |    13 |       ||    13
    Use: Scroll            |     7 |       ||     7
   Stab: Sleeping          |    14 |     2 ||    16
 Armour: Robe              |    49 |     9 ||    58
  Dodge: Dodged            |    62 |     5 ||    67
  Block: Tower shield      |       |    19 ||    19

Levels and vault maps discovered:
D:1:      minmay_arrival_doors, layout_basic, serial_shops,
          nicolae_shop_rolling_square, ebering_dispersal_statue_hall,
          hangedman_decor_slide_cut, minmay_tromino_v4_c
D:2:      layout_loops_corners, shapermc_ecumenical_altar_gd, uniq_terence

Notes
Turn   | Place    | Note
-------+----------+-------------------------------------------
     0 | D:1      | kae the Demonspawn Enchanter began the quest for the Orb.
     0 | D:1      | Reached XP level 1. HP: 13/13 MP: 3/3
     0 | D:1      | magus.rc [v1.11.3]
    14 | D:1      | You fall into a shaft and drop 1 floor!
    99 | D:2      | Reached skill level 1 in Short Blades
   195 | D:2      | Found a faded altar of an unknown god.
   244 | D:2      | Gained mutation: You have a pair of small horns on your
                  | head. [demonic ancestry]
   244 | D:2      | Reached XP level 2. HP: 15/19 MP: 5/5
   247 | D:2      | Learned a level 2 spell: Ensorcelled Hibernation
   317 | D:2      | You pick up a book of Frost and begin reading...
   317 | D:2      | You add the spells Freeze, Frozen Ramparts and Hailstorm to
                  | your library.
   436 | D:2      | Reached skill level 2 in Dodging
   548 | D:2      | Gained mutation: You regenerate a little health from kills.
                  | [demonic ancestry]
   548 | D:2      | Reached XP level 3. HP: 18/25 MP: 1/6
   757 | D:1      | Reached skill level 1 in Fighting
  1114 | D:1      | Found Qewotigg's Assorted Antiques.
  1119 | D:1      | Bought a lumpy black potion for 18 gold pieces
  1665 | D:2      | Reached skill level 3 in Stealth
  1665 | D:2      | Reached XP level 4. HP: 14/32 MP: 7/7
  1771 | D:2      | Identified the +1 tower shield of the Lizard {Will+}
  1779 | D:2      | Reached skill level 2 in Short Blades
  1922 | D:2      | Noticed Terence
  1944 | D:2      | HP: 6/32 [Terence/+0 mace (7)]
  1945 | D:2      | HP: 1/32 [Terence/+0 mace (6)]
  1949 | D:2      | Slain by Terence

Vanquished Creatures
  2 adders (D:2)
  3 worms (D:2)
  A dart slug (D:2)
  6 endoplasms
  A giant cockroach (D:1)
  7 goblins
  3 hobgoblins (D:2)
  A kobold (D:1)
  5 ball pythons
  6 bats
  4 frilled lizards
  2 rats
41 creatures vanquished.

Table legend:
 A = Non-vault XP
 B = Vault XP
 C = Vault XP percentage of total XP
 D = Non-vault monster count
 E = Vault monster count
 F = Vault count percentage of total count
                 A         B        C        D         E       F
            +---------+---------+-------+---------+---------+-------
      Total |     100 |       3 |   2.9 |      39 |       2 |   4.9
            +---------+---------+-------+---------+---------+-------
        D:1 |      34 |       3 |   8.1 |      20 |       2 |   9.1
        D:2 |      66 |       0 |   0.0 |      19 |       0 |   0.0
            +---------+---------+-------+---------+---------+-------

Skill      XL: |  1  2  3  4 |
---------------+-------------+-----
Short Blades   | 1 2 |  2.0
Dodging        | 2 |  2.2
Fighting       | 1 |  1.1
Stealth        | 3 |  3.0
Spellcasting   | |  2.3
Hexes          | |  3.3
Evocations     | |  0.2

Action                     |  1- 3 |  4- 6 || total
---------------------------+-------+-------++-------
  Melee: Dagger            |   105 |    24 ||   129
         Headbutt          |    14 |     4 ||    18
   Cast: Ensorcelled Hiber |    13 |       ||    13
    Use: Scroll            |     7 |       ||     7
   Stab: Sleeping          |    14 |     2 ||    16
 Armour: Robe              |    49 |     9 ||    58
  Dodge: Dodged            |    62 |     5 ||    67
  Block: Tower shield      |       |    19 ||    19

Illustrated notes

Table legend:
 A = Kills in this place as a percentage of kills in the entire game.
 B = Kills by you in this place as a percentage of kills by you in the entire game.
 C = Kills by friends in this place as a percentage of kills by friends in the entire game.
 D = Other kills in this place as a percentage of other kills in the entire game.
 E = Experience gained in this place as a percentage of experience gained in the entire game.
 F = Experience gained in this place divided by the number of levels of this place that you have seen.
                   A       B       C       D       E      F
               +-------+-------+-------+-------+-------+----------------------
         Total | 100.0 | 100.0 |   N/A |   N/A | 100.0 |  51.5
       Dungeon | 100.0 | 100.0 |   N/A |   N/A | 100.0 |  51.5
               +-------+-------+-------+-------+-------+----------------------

Table legend: (Time is in decaauts)
 A = Elapsed time spent in this place.
 B = Non-inter-level travel time spent in this place.
 C = Inter-level travel time spent in this place.
 D = Time resting spent in this place.
 E = Time spent auto-exploring this place.
 F = Levels seen in this place.
 G = Mean time per level.
                   A        B        C        D        E       F      G
               +--------+--------+--------+--------+--------+-----+--------+
         Total |   1950 |   1891 |     59 |     54 |   1452 |   2 |  975.0 |
       Dungeon |   1950 |   1891 |     59 |     54 |   1452 |   2 |  975.0 |
               +--------+--------+--------+--------+--------+-----+--------+

Top non-repeatable levels by time:
     D:1: 1062 daAuts
     D:2: 887 daAuts
